 Dungeon Crawl Stone Soup version 0.29-a0-490-g77b3608bb8 (webtiles) character file.

Game seed: 2853500224671099192

38 siradein the Skirmisher (level 3, -2/33 HPs)
             Began as a Ghoul Fighter on May 27, 2022.
             Slain by Natasha (7 damage)
             ... on level 2 of the Dungeon.
             The game lasted 00:02:26 (1209 turns).

siradein the Skirmisher (Ghoul Fighter)             Turns: 1209, Time: 00:02:27

Health: -2/33      AC:  6    Str: 21    XL:     3   Next: 43%
Magic:  11/11      EV:  9    Int:  3    God:
Gold:   49         SH:  4    Dex:  8    Spells: 2/2 levels left

rFire   . . .      SeeInvis .   a - +0 flail
rCold   + . .      Faith    .   c - +0 buckler
rNeg    + + +      Spirit   .   b - +0 scale mail
rPois   ∞          Reflect  .   (no helmet)
rElec   .          Harm     .   (no cloak)
rCorr   .          Rampage  .   (no gloves)
Will    .....                   (no boots)
Stlth   ..........              (no amulet)
HPRegen 0.00/turn               k - ring of magical power
MPRegen 0.12/turn               (no ring)

@: inhibited regen, slowed, studying Unarmed Combat, very slow
A: claws 1, cold resistance 1, negative energy resistance 3, inhibited
regeneration, torment resistance 2, devour on kill
a: no special abilities


You were on level 2 of the Dungeon.
You visited 1 branch of the dungeon, and saw 2 of its levels.

You collected 49 gold pieces.

Inventory:

Hand Weapons
 a - a +0 flail (weapon)
Armour
 b - a +0 scale mail (worn)
 c - a +0 buckler (worn)
Jewellery
 f - a ring of fire
 k - a ring of magical power (left claw)
Scrolls
 e - 2 scrolls of fear {unknown}
 j - a scroll of enchant armour {unknown}
 l - a scroll of vulnerability {unknown}
 m - a scroll of blinking {unknown}
 n - a scroll of teleportation {unknown}
 o - a scroll of identify {unknown}
Potions
 d - 2 potions of might
 g - 2 potions of curing {unknown}
 h - a potion of haste {unknown}
 i - a potion of brilliance {unknown}


   Skills:
 + Level 3.7 Fighting
 + Level 2.2 Maces & Flails
 + Level 3.1 Armour
 + Level 3.0 Shields


You had 2 spell levels left.
You didn't know any spells.
Your spell library was empty.

Dungeon Overview and Level Annotations

Branches:
Dungeon (2/15)

Altars:

Annotations:
D:2 Natasha


Innate Abilities, Weirdness & Mutations

You are immune to poison.
You have sharp fingernails.
Your flesh is cold resistant. (rC+)
You are immune to negative energy. (rN+++)
You do not regenerate when monsters are visible.
You are immune to unholy pain and torment.
You thrive by killing the living.


Message History

Natasha claws you.
You hit Natasha but do no damage.
Natasha casts a spell.
You hit Natasha.
Natasha is moderately wounded.
Natasha growls.
Natasha barely misses you.
You hit Natasha.
Natasha is severely wounded.
Natasha claws you but does no damage. Natasha claws you.
* * * LOW HITPOINT WARNING * * *
You closely miss Natasha.
Natasha is severely wounded.
Natasha claws you.
* * * LOW HITPOINT WARNING * * *
You hit Natasha.
Natasha is almost dead.
The white imp disappears in a puff of smoke!
Natasha hisses.
Natasha casts a spell at you.
You feel yourself slow down. The iron imp spits at you.
You barely miss Natasha.
Natasha is almost dead.
Natasha closely misses you. You block Natasha's attack.
You barely miss Natasha.
Natasha is almost dead.
Natasha mumbles some strange words.
Natasha casts a spell at you.
The magic dart hits you but does no damage.
You completely miss Natasha.
Natasha is almost dead.
The iron imp disappears in a puff of smoke!
Natasha closely misses you.
Natasha mumbles some strange words.
You barely miss Natasha.
Natasha is almost dead.
Natasha claws you.
* * * LOW HITPOINT WARNING * * *
Natasha claws you!
You die...

#............#
#...!#
#............#
#h...#
#............#
#....#
#............#
#.5..#
#............#
#....#
#............#
#....#
#...555......#
####....#
#.###h########
........###.# #@...#
...........># #....#
........)5..###....#
##..............####
##########..#..#####
##........#
#....##### ##...#
############...#


You could see an iron imp (summoned), Natasha (strong), a crimson imp (summoned)
and a shadow imp (summoned).

Vanquished Creatures
  3 dart slugs
  An endoplasm (D:1)
  4 giant cockroaches (D:1)
  3 goblins
  3 hobgoblins
  2 jackals (D:1)
  2 quokkas (D:1)
  2 ball pythons
  2 bats
  A frilled lizard (D:2)
  3 kobolds
  3 rats
29 creatures vanquished.

Notes
Turn   | Place    | Note
-------+----------+-------------------------------------------
     0 | D:1      | siradein the Ghoul Fighter began the quest for the Orb.
     0 | D:1      | Reached XP level 1. HP: 19/19 MP: 0/0
   117 | D:1      | Reached XP level 2. HP: 23/26 MP: 1/1
   699 | D:1      | Reached XP level 3. HP: 31/31 MP: 2/2
  1179 | D:2      | Noticed Natasha
  1209 | D:2      | Slain by Natasha

Illustrated notes

Levels and vault maps discovered:
D:1:      dpeg_arrival_tiny_h, layout_rooms, serial_forest,
          infiniplex_forest_clump_medium, infiniplex_forest_clump_curved,
          infiniplex_forest_straight_2, infiniplex_forest_clump_medium,
          infiniplex_forest_clump_small, infiniplex_forest_clump_diagonal,
          infiniplex_forest_lined_1, infiniplex_forest_side_room,
          kennysheep_decorative_pillar
D:2:      layout_basic, uniq_natasha

Skill      XL: |  1  2  3 |
---------------+----------+-----
Maces & Flails | 2 |  2.2
Armour         | 3 |  3.1
Shields        | 3 |  3.0
Fighting       | |  3.7

Action                   || total
-------------------------++-------
Melee: Flail             ||   111
Armor: Scale mail        ||    57
Dodge: Dodged            ||    50
Block: Buckler           ||    18

Table legend: (Time is in decaauts)
 A = Elapsed time spent in this place.
 B = Non-inter-level travel time spent in this place.
 C = Inter-level travel time spent in this place.
 D = Time resting spent in this place.
 E = Time spent auto-exploring this place.
 F = Levels seen in this place.
 G = Mean time per level.
                   A        B        C        D        E       F      G
               +--------+--------+--------+--------+--------+-----+--------+
         Total |   1248 |   1237 |     11 |      6 |    975 |   2 |  624.0 |
       Dungeon |   1248 |   1237 |     11 |      6 |    975 |   2 |  624.0 |
               +--------+--------+--------+--------+--------+-----+--------+

Top non-repeatable levels by time:
     D:1: 880 daAuts
     D:2: 367 daAuts
